cohdb
Replays
Latest Replays
All Replays
Popular Replays
Top Player Replays
Match Explorer
How It Works
Community
CoH3 Stats
Reddit
Sign in to upload your games and track your stats! →
Sign in with Steam
Match 44098568
Unlisted
Match 44098568
Overview
Messages
Build Orders
End
Kettenkrad Recon Vehicle
Construct Infanterie Kompanie
Selects Mechanized Battlegroup
MG 42 Machine Gun Team
MG 42 Machine Gun Team
GrW 34 Mortar Team
Construct Luftwaffe Kompanie
Medical Station
Selects Spotting Scopes
Jäger Squad
Jäger Squad
Construct Panzer Kompanie
Selects Wespe Self-propelled Artillery
Sturmpanzer IV Brummbär
Panzer Officer Quarters
Stoßtruppen Squad
Side Skirts
Selects Zeroing Artillery Barrage
Zeroing Artillery Barrage
Craymar
Joraad
Grim
don/pedro
QTheNukes
tamisalex
AbacusFinch8060
Tavinho
0
0
Comments
sign in to comment!
No comments posted yet!